[Event "Top 12 Féminin 2026"]
[Site "Asnières-sur-Seine, France"]
[Date "2026.05.13"]
[Round "1.1"]
[White "Batsiashvili, Nino"]
[Black "Kosteniuk, Alexandra"]
[Result "0-1"]
[TimeControl "1h30 / 40 moves + 30m + 30sec/move"]
[WhiteTitle "GM"]
[BlackTitle "GM"]
[WhiteFideId "-"]
[BlackFideId "-"]
[WhiteElo "2475"]
[BlackElo "2491"]

1. d4 d5 2. c4 c6 3. cxd5 cxd5 4. Bf4 Nc6 5. e3 a6 6. Bd3 Nf6 7. Nc3 Bg4 8. Nge2 e6 9. Rc1 Bd6 10.
Bxd6 Qxd6 11. O-O O-O 12. Qd2 Bh5 13. Nf4 Bg6 14. Bxg6 hxg6 15. Nd3 Rac8 16. Rc2 Rc7 17. Rfc1 Rfc8 18.
Na4 Nb8 19. f3 Nfd7 20. Nac5 Nxc5 21. dxc5 Qe7 22. b4 Qe8 23. a3 Rd8 24. f4 Rdc8 25. Ra2 Nd7 26. Rac2 Nf6 27. Ne5 Qa4 28.
Qd3 Ne4 29. Rb2 Kh7 30. Qb3 Qxb3 31. Rxb3 b6 32. Nd3 a5 33. bxa5 bxc5 34. Rb6 Ra7 35. a6 c4 36. Nb4 Nc5 37. Kf1 Rca8 38. Ra1 g5 39. fxg5 Nxa6 40. Nc6 Rc7 41.
h4 Nc5 42. Ne5 f6 43. Nf3 Rca7 44. gxf6 gxf6 45. Rc6 Ne4 46. Rxe6 Rxa3 47. Re1 Ra2 48. Kg1 Rg8 49. Re7+ Kh6 50.
Rxe4 Rgxg2+ 51. Kh1 dxe4 52. Nd4 Rh2+ 53. Kg1 Rag2+ 54. Kf1 c3 55. Ra1 Rh1+ 56. Kxg2 Rxa1 57. Kg3 Rd1 0-1

[Event "Top 12 Féminin 2026"]
[Site "Asnières-sur-Seine, France"]
[Date "2026.05.13"]
[Round "1.2"]
[White "Skripchenko, Almira"]
[Black "Guichard, Pauline"]
[Result "1/2-1/2"]
[TimeControl "1h30 / 40 moves + 30m + 30sec/move"]
[WhiteTitle "IM"]
[BlackTitle "IM"]
[WhiteFideId "-"]
[BlackFideId "-"]
[WhiteElo "2367"]
[BlackElo "2333"]

1. e4 c6 2. d4 d5 3. Nd2 dxe4 4. Nxe4 Nd7 5. c3 Ngf6 6. Nxf6+ Nxf6 7. Bc4 Qc7 8. Ne2 e6 9. Bf4 Bd6 10.
Qd2 O-O 11. Bxd6 Qxd6 12. Qf4 Rd8 13. Qxd6 Rxd6 14. O-O b5 15. Bb3 Rb8 16. a3 a5 17. Rfd1 Ba6 18. Nf4 g5 19. Nd3 Nd7 20.
Nc5 Nxc5 21. dxc5 Rdd8 22. f3 Kf8 23. Kf2 Ke7 24. Ke3 Rxd1 25. Rxd1 Bc8 26. h4 h6 27. hxg5 hxg5 28. Rh1 Bd7 29.
g4 Rd8 30. Rh5 Kf6 31. Ke4 Be8 32. Rh6+ Kg7 33. Rh2 a4 34. Bc2 Rd5 35. b4 axb3 36. Bxb3 f5+ 37. Ke3 f4+ 38. Ke2 Rxc5 39.
Kd2 Re5 40. a4 bxa4 41. Bxa4 Re3 42. Bd1 Bg6 43. Be2 e5 44. Rh1 e4 45. fxe4 Bxe4 46. Rh5 Kf6 47. Rh6+ Bg6 48. Rh8 Re8 49.
Rh3 Be4 50. Rh2 Ra8 51. Rh3 Ra2+ 52. Ke1 Ra1+ 53. Kf2 Ra2 54. Ke1 Bd5 55. Rh8 f3 56. Bxf3 Kg7 57. Rh3 Kf6 1/2-1/2

[Event "Top 12 Féminin 2026"]
[Site "Asnières-sur-Seine, France"]
[Date "2026.05.13"]
[Round "1.3"]
[White "Iglesias, Yosha"]
[Black "Cramling, Pia"]
[Result "1/2-1/2"]
[TimeControl "1h30 / 40 moves + 30m + 30sec/move"]
[WhiteTitle "FM"]
[BlackTitle "GM"]
[WhiteFideId "-"]
[BlackFideId "-"]
[WhiteElo "2325"]
[BlackElo "2384"]

1. d4 Nf6 2. Bf4 e6 3. e3 c5 4. c3 b6 5. Nf3 Bb7 6. h3 Be7 7. Nbd2 cxd4 8. exd4 O-O 9. Bd3 d6 10.
O-O Nbd7 11. Bh2 Re8 12. a4 a6 13. Ne1 Bf8 14. Nc2 e5 15. Ne3 g6 16. Qb3 d5 17. Rfe1 Bh6 18. Rad1 exd4 19.
cxd4 Nh5 20. Be2 Nf4 21. Bf3 Nf6 22. Nb1 Re6 23. Nc3 Qe7 24. a5 b5 25. Rf1 Rd8 26. Bxf4 Bxf4 27. Nexd5 Nxd5 28.
Bxd5 Bxd5 29. Nxd5 Qg5 30. Nxf4 Qxf4 31. d5 Red6 32. Rfe1 Qc4 33. Qxc4 1/2-1/2

[Event "Top 12 Féminin 2026"]
[Site "Asnières-sur-Seine, France"]
[Date "2026.05.13"]
[Round "1.4"]
[White "Belenkaya, Dina"]
[Black "Belluire, Beatrice"]
[Result "1-0"]
[TimeControl "1h30 / 40 moves + 30m + 30sec/move"]
[WhiteTitle "WGM"]
[BlackTitle "WFM"]
[WhiteFideId "-"]
[BlackFideId "-"]
[WhiteElo "2186"]
[BlackElo "2123"]

1. d4 d5 2. c4 e6 3. Nc3 h6 4. Bf4 Bd6 5. Bxd6 Qxd6 6. e4 dxe4 7. Nxe4 Qb4+ 8. Qd2 Qxd2+ 9. Kxd2 Ne7 10.
Nf3 O-O 11. Rd1 Rd8 12. Kc3 b6 13. Bd3 Bb7 14. Rhe1 Nd7 15. b4 f5 16. Ng3 Kf7 17. d5 exd5 18. Nxf5 Nxf5 19. Bxf5 Nf8 20.
c5 c6 21. Ne5+ Kf6 22. Bh3 Re8 23. Rd3 d4+ 24. Kd2 h5 25. Rf3+ Kg5 26. Nf7+ Kg6 27. Bf5+ 1-0

[Event "Top 12 Féminin 2026"]
[Site "Asnières-sur-Seine, France"]
[Date "2026.05.13"]
[Round "1.5"]
[White "Bulmaga, Irina"]
[Black "Ushenina, Anna"]
[Result "1/2-1/2"]
[TimeControl "1h30 / 40 moves + 30m + 30sec/move"]
[WhiteTitle "IM"]
[BlackTitle "GM"]
[WhiteFideId "-"]
[BlackFideId "-"]
[WhiteElo "2361"]
[BlackElo "2420"]

1. e4 c5 2. Nf3 Nc6 3. Bb5 Nf6 4. Nc3 Qc7 5. O-O Nd4 6. Re1 a6 7. Bc4 Ng4 8. e5 h5 9. h3 Nh6 10.
a4 e6 11. d3 Nhf5 12. Bf4 b6 13. Ne4 Bb7 14. c3 Nxf3+ 15. Qxf3 Nh4 16. Qe3 Be7 17. Rac1 Ng6 18. d4 Nxf4 19.
Qxf4 Rh6 20. b4 Kf8 21. f3 Rc8 22. Nd6 Bxd6 23. exd6 Qd8 24. bxc5 bxc5 25. Rb1 cxd4 26. Rxb7 Rxc4 27.
Reb1 g5 28. Qe4 Kg7 29. cxd4 Qf6 30. Rxd7 Qxd4+ 31. Qxd4+ Rxd4 32. Rb6 Rxa4 33. Ra7 Rd4 34. Raxa6 e5 35. Kf2 h4 36. Ke3 Re6 37.
Rb5 Rdxd6 38. Rxd6 Rxd6 39. Rxe5 1/2-1/2

[Event "Top 12 Féminin 2026"]
[Site "Asnières-sur-Seine, France"]
[Date "2026.05.13"]
[Round "1.6"]
[White "Alexieva, Silvia"]
[Black "Bensdorp-De Labaca, Marlies"]
[Result "1/2-1/2"]
[TimeControl "1h30 / 40 moves + 30m + 30sec/move"]
[WhiteTitle "IM"]
[BlackTitle "WIM"]
[WhiteFideId "-"]
[BlackFideId "-"]
[WhiteElo "2197"]
[BlackElo "2175"]

1. c4 e6 2. Nf3 Nf6 3. g3 d5 4. Bg2 Bd6 5. O-O O-O 6. cxd5 exd5 7. b3 Nc6 8. Bb2 Re8 9. Nc3 a6 10.
Rc1 h6 11. Na4 Qe7 12. Re1 Bd7 13. Qc2 Nb4 14. Qb1 b5 15. Bxf6 Qxf6 16. Nc5 Bf5 17. d3 a5 18. Nh4 Bh7 19.
a3 Na6 20. Nxa6 Rxa6 21. Bxd5 Re5 22. Bg2 Qe7 23. Qc2 Rc5 24. Qd2 Rxc1 25. Rxc1 Bxa3 26. Rc2 Bb4 27. Qc1 c5 28. Bd5 Rd6 29.
Rxc5 Bxc5 30. Qxc5 Qd7 31. e4 Kh8 32. Nf3 f6 33. Nd4 Bg8 34. Nxb5 Rxd5 35. exd5 Bxd5 36. Nd4 Bb7 37. f3 a4 38.
bxa4 Qxa4 39. Kg2 Qd1 40. Qb5 Qd2+ 41. Kh3 Bc8+ 42. g4 Qe1 43. Qb8 Qf1+ 44. Kg3 Qg1+ 45. Kh3 Qf1+ 46. Kg3 Qg1+ 47.
Kh3 1/2-1/2

[Event "Top 12 Féminin 2026"]
[Site "Asnières-sur-Seine, France"]
[Date "2026.05.13"]
[Round "1.7"]
[White "Negre, Emilie"]
[Black "Maisuradze, Nino"]
[Result "0-1"]
[TimeControl "1h30 / 40 moves + 30m + 30sec/move"]
[WhiteTitle "WFM"]
[BlackTitle "WGM"]
[WhiteFideId "-"]
[BlackFideId "-"]
[WhiteElo "2101"]
[BlackElo "2198"]

1. e4 c5 2. Nf3 Nc6 3. d4 cxd4 4. Nxd4 Nf6 5. Nc3 e5 6. Ndb5 d6 7. Bg5 a6 8. Na3 b5 9. Nab1 Rb8 10.
Nd5 Qa5+ 11. Bd2 Qd8 12. Bg5 Be7 13.
Bxf6 Bxf6 14. Be2 O-O 15. O-O Bg5 16. c3 a5 17. a4 b4 18. Bb5 Na7 19. Qd3 f5 20. cxb4 fxe4 21. Qxe4 Nxb5 22.
axb5 Bb7 23. Nbc3 axb4 24. Qxb4 Bd2 25. Rad1 Bxd5 26. Rxd2 Bxg2 27. Qxd6 Qxd6 28. Rxd6 Bxf1 29. Kxf1 Rbd8 30.
Re6 Rfe8 31. Rc6 Rd2 32. Na4 Rf8 33. b6 Rfxf2+ 34. Kg1 Rg2+ 35. Kh1 Rxh2+ 36. Kg1 Rhg2+ 37. Kh1 Rge2 38. Rc1 Rxb2 0-1

[Event "Top 12 Féminin 2026"]
[Site "Asnières-sur-Seine, France"]
[Date "2026.05.13"]
[Round "1.8"]
[White "Aflalo, Sophie"]
[Black "Choisy, Mathilde"]
[Result "1-0"]
[TimeControl "1h30 / 40 moves + 30m + 30sec/move"]
[WhiteTitle "-"]
[BlackTitle "WFM"]
[WhiteFideId "-"]
[BlackFideId "-"]
[WhiteElo "2155"]
[BlackElo "2096"]

1. e4 e6 2. d4 d5 3. e5 c5 4. c3 Nc6 5. Nf3 Bd7 6. Bd3 Rc8 7. O-O cxd4 8. Bf4 Nge7 9. Bg3 dxc3 10.
Nxc3 a6 11. Ng5 g6 12. h4 Bg7 13. Nf3 Na5 14. h5 Nc4 15. Qc1 Qc7 16. h6 Bxe5 17. Nxe5 Nxe5 18. Qg5 N7c6 19. Rfe1 f5 20.
Nxd5 exd5 21. Bxe5 Nxe5 22. Qf6 Rf8 23. Rxe5+ 1-0

[Event "Top 12 Féminin 2026"]
[Site "Asnières-sur-Seine, France"]
[Date "2026.05.13"]
[Round "1.9"]
[White "Cosma, Elena-Luminita"]
[Black "Vega Gutierrez, Sabrina"]
[Result "0-1"]
[TimeControl "1h30 / 40 moves + 30m + 30sec/move"]
[WhiteTitle "WGM"]
[BlackTitle "IM"]
[WhiteFideId "-"]
[BlackFideId "-"]
[WhiteElo "2241"]
[BlackElo "2375"]

1. Nf3 d5 2. g3 Nf6 3. Bg2 e6 4. O-O Bd6 5. c4 O-O 6. d4 Nc6 7. Nbd2 a5 8. b3 Ne4 9. Bb2 f5 10.
Rc1 Qe8 11. Ne5 Ne7 12. Nd3 Ng6 13. e3 b6 14. Nb1 Ba6 15. Ba3 dxc4 16. bxc4 Rb8 17. Re1 Kh8 18. c5 Be7 19. cxb6 cxb6 20.
Bxe7 Qxe7 21. Nc3 Nxc3 22. Rxc3 Rfc8 23. Rxc8+ Rxc8 24. Qd2 Qa3 25. Rc1 Rxc1+ 26. Qxc1 Qxd3 27. h4 Qc4 28. Qa3 Qb4 29.
Qc1 Qd6 0-1

[Event "Top 12 Féminin 2026"]
[Site "Asnières-sur-Seine, France"]
[Date "2026.05.13"]
[Round "1.10"]
[White "Haussernot, Cecile"]
[Black "Monpeurt, Cyrielle"]
[Result "1/2-1/2"]
[TimeControl "1h30 / 40 moves + 30m + 30sec/move"]
[WhiteTitle "WIM"]
[BlackTitle "WFM"]
[WhiteFideId "-"]
[BlackFideId "-"]
[WhiteElo "2243"]
[BlackElo "2199"]

1. e4 e5 2. Nf3 Nc6 3. Nc3 Nf6 4. a3 g6 5. Bc4 Bg7 6. d3 d6 7. h3 O-O 8. Be3 a6 9. Qd2 b5 10.
Bb3 Be6 11. Nd5 Bxd5 12. exd5 Ne7 13. Bg5 Qd7 14. Bxf6 Bxf6 15. O-O Bg7 16. a4 h6 17. axb5 axb5 18. Qb4 g5 19. Rfe1 Ng6 20.
c4 Nf4 21. Qxb5 Qf5 22. Rxa8 Re8 23. Rb8 Rxb8 24. Qb6 Ra8 25. Qb7 Rf8 26. Re3 h5 27. Ne1 g4 28. hxg4 hxg4 29.
Bd1 Qh5 30. Rg3 f5 31. Qxc7 Rf6 32. Nf3 Nxd3 33. Qc8+ Kh7 34. Nxe5 Nf4 35. Rxg4 fxg4 36. Nxg4 Qg6 37. Nxf6+ Bxf6 38.
Bg4 Kh6 39. g3 Qb1+ 40. Kh2 Ng6 41. Qe6 Qxb2 42. Kg2 Qe5 43. Qc8 Qd4 44. Qe6 Kg7 45. Qd7+ Ne7 46. Bf3 Qc5 47. Qg4+ Kf8 48.
Qe6 Kg7 49. Qg4+ Kf8 50. Qe6 Kg7 51.
Bh5 Qd4 1/2-1/2

[Event "Top 12 Féminin 2026"]
[Site "Asnières-sur-Seine, France"]
[Date "2026.05.13"]
[Round "1.11"]
[White "Sterpu, Constanta-Andreea"]
[Black "Richard, Emma"]
[Result "1/2-1/2"]
[TimeControl "1h30 / 40 moves + 30m + 30sec/move"]
[WhiteTitle "-"]
[BlackTitle "WFM"]
[WhiteFideId "-"]
[BlackFideId "-"]
[WhiteElo "1984"]
[BlackElo "2106"]

1. d4 Nf6 2. Nf3 e6 3. e3 c5 4. Bd3 Nc6 5. O-O d5 6. b3 Bd6 7. dxc5 Bxc5 8. Bb2 O-O 9. Nbd2 Qe7 10.
a3 e5 11. b4 Bd6 12. c4 Rd8 13. cxd5 Nxd5 14. Qc2 h6 15. Be4 Be6 16. b5 Na5 17. Nxe5 Nf6 18. Nef3 Rac8 19. Qb1 Nc4 20.
Bxf6 Qxf6 21. Nxc4 Bxc4 22. Rc1 Qe7 23. a4 Ba3 24. Rc3 Ba2 25. Qc2 Rxc3 26. Qxc3 Qxe4 27. Qxa3 Bb1 28. Qc1 Bc2 29.
Nd4 Bd3 30. h3 Qe5 31. Qc3 Be4 32. Rc1 Qf6 33. Qc5 Rd5 34. Qc8+ Rd8 35. Qc7 Qg5 36. Qg3 Qxg3 37. fxg3 Kf8 38. Rc5 Rd6 39. g4 a6 40. g5 hxg5 41. Rxg5 axb5 42. axb5 b6 43.
Rh5 Rf6 44. g4 Bd3 45. Kg2 Ke7 46. Rh8 Kd7 47. Rb8 Kc7 48. Rg8 g6 49. h4 Rf1 50. Rg7 Kd6 51. h5 gxh5 52. gxh5 Rf6 53.
Kg3 Rf1 54. Kh4 Ke5 55. Rg4 f6 56. Nc6+ Kf5 57. Ne7+ Ke6 58. Ng6 Rh1+ 59. Kg3 Rg1+ 60. Kh4 Rh1+ 61. Kg3 Rg1+ 62. Kf4 Rf1+ 63.
Kg3 Rg1+ 1/2-1/2

[Event "Top 12 Féminin 2026"]
[Site "Asnières-sur-Seine, France"]
[Date "2026.05.13"]
[Round "1.12"]
[White "Ciarletta, Iris"]
[Black "Milojevic-Daim, Lola-Shaina"]
[Result "1-0"]
[TimeControl "1h30 / 40 moves + 30m + 30sec/move"]
[WhiteTitle "-"]
[BlackTitle "-"]
[WhiteFideId "-"]
[BlackFideId "-"]
[WhiteElo "1901"]
[BlackElo "1950"]

1. d4 d5 2. c4 c6 3. Nf3 Nf6 4. Qc2 e6 5. Nbd2 Nbd7 6. g3 Bd6 7. Bg2 O-O 8. O-O Re8 9. b3 e5 10.
cxd5 cxd5 11. dxe5 Nxe5 12. Bb2 Bg4 13. Nxe5 Bxe5 14. Bxe5 Rxe5 15. Nf3 Re7 16. Nd4 Rc8 17. Qb2 Rec7 18.
h3 Be6 19. Rad1 Qe7 20. e3 a6 21. Kh2 h6 22. Qb1 Ne8 23. Ne2 Nf6 24. Rd2 Rd8 25. Rfd1 Rcd7 26. Rd4 b5 27. Nf4 Rd6 28.
Qd3 Qd7 29. Qd2 g5 30. Ne2 Bf5 31. Nc3 Be6 32. e4 b4 33. Na4 Ne8 34. e5 Rc6 35. Bxd5 Bxh3 36. Bxc6 Qxc6 37. Kxh3 1-0

[Event "Top 12 Féminin 2026"]
[Site "Asnières-sur-Seine, France"]
[Date "2026.05.13"]
[Round "1.13"]
[White "Krasteva, Beloslava"]
[Black "Osmak, Yuliaa"]
[Result "0-1"]
[TimeControl "1h30 / 40 moves + 30m + 30sec/move"]
[WhiteTitle "WGM"]
[BlackTitle "IM"]
[WhiteFideId "-"]
[BlackFideId "14101602"]
[WhiteElo "2285"]
[BlackElo "2451"]

1. d4 Nf6 2. c4 e6 3. Nc3 Bb4 4. Qc2 O-O 5. e4 d6 6. e5 dxe5 7. dxe5 Ng4 8. Nf3 Nc6 9. Bf4 Nd4 10.
Qd2 f6 11. O-O-O c5 12. h3 fxe5 13. Nxe5 Nf6 14. Bd3 b5 15. cxb5 Nd5 16. Bg5 Qa5 17. Nc4 Qc7 18. Qe1 Bxc3 19.
bxc3 Nxb5 20. Bd2 Rb8 21. a4 Nd6 22. Qe5 Ba6 23. Qxe6+ Kh8 24. Qxd5 Bxc4 25. Bxc4 Qb6 26. Bb5 Nxb5 27.
axb5 Qxb5 28. Qa2 Rxf2 29. c4 Qb7 30. Rhf1 Rxg2 31. Rf4 h6 32. Rdf1 Qe7 33. Qc2 Rd8 34. R4f2 Rxf2 35. Rxf2 Qe5 36.
Bc3 Qe3+ 37. Kb2 Rb8+ 38. Ka1 Qxh3 39. Rg2 Rb7 40. Qd2 Qh1+ 41. Qe1 Qxg2 42. Qc1 Qg6 0-1

[Event "Top 12 Féminin 2026"]
[Site "Asnières-sur-Seine, France"]
[Date "2026.05.13"]
[Round "1.14"]
[White "Daulyte-Cornette, Deimante"]
[Black "Barbotte, Jeanne"]
[Result "1-0"]
[TimeControl "1h30 / 40 moves + 30m + 30sec/move"]
[WhiteTitle "IM"]
[BlackTitle "-"]
[WhiteFideId "-"]
[BlackFideId "-"]
[WhiteElo "2389"]
[BlackElo "1860"]

1. e4 c5 2. Nf3 g6 3. Bc4 Bg7 4. c3 Nc6 5. d4 cxd4 6. cxd4 d6 7. Nc3 Nf6 8. d5 Nb8 9. h3 O-O 10.
O-O a5 11. Re1 Na6 12. Be3 Bd7 13. e5 dxe5 14. Nxe5 Rc8 15. d6 Nb4 16. Bb6 Qxb6 17. dxe7 Bf5 18. exf8=Q+ Kxf8 19. Bb3 Ne4 20.
Rxe4 Rd8 21. Qf3 1-0

[Event "Top 12 Féminin 2026"]
[Site "Asnières-sur-Seine, France"]
[Date "2026.05.13"]
[Round "1.15"]
[White "Carnet, Anaelle"]
[Black "Schippke, Manon"]
[Result "0-1"]
[TimeControl "1h30 / 40 moves + 30m + 30sec/move"]
[WhiteTitle "-"]
[BlackTitle "WIM"]
[WhiteFideId "-"]
[BlackFideId "-"]
[WhiteElo "1786"]
[BlackElo "2311"]

1. e4 e6 2. d4 d5 3. exd5 exd5 4. Nf3 Nf6 5. h3 c5 6. Bb5+ Nc6 7. O-O Be7 8. Re1 O-O 9. Bf4 a6 10.
Bf1 Bf5 11. c3 Ne4 12. Nbd2 Re8 13. Rc1 b5 14. Ne5 Nxe5 15. dxe5 Ng5 16. Nf3 Ne6 17. Bg3 Bg6 18. Qd2 Qb6 19.
Rcd1 Red8 20. Bh4 Bxh4 21. Nxh4 d4 22. Nxg6 hxg6 23. Be2 d3 24. Bf3 Rab8 25. Qe3 c4 26. Qxb6 Rxb6 27. g3 Nc5 28.
Bg4 Kf8 29. f4 Ke7 30. Kf2 b4 31. cxb4 Rxb4 32. Rd2 Na4 33. Ke3 Nxb2 34. a3 Rb3 35. Bf3 c3 36. Rh2 d2 37. Reh1 c2+ 38.
Kf2 c1=Q 39. Rxc1 dxc1=Q 40. Be2 Nd3+ 41. Bxd3 Rdxd3 42. Ke2 Rd2# 0-1

[Event "Top 12 Féminin 2026"]
[Site "Asnières-sur-Seine, France"]
[Date "2026.05.13"]
[Round "1.16"]
[White "Tomasi, Elise"]
[Black "Djedidi, Rayhana"]
[Result "1-0"]
[TimeControl "1h30 / 40 moves + 30m + 30sec/move"]
[WhiteTitle "WFM"]
[BlackTitle "-"]
[WhiteFideId "-"]
[BlackFideId "-"]
[WhiteElo "2072"]
[BlackElo "1541"]

1. d4 d5 2. Nf3 Nf6 3. g3 c6 4. Bg2 Bf5 5. O-O h6 6. c4 e6 7. Nc3 Be7 8. Nd2 O-O 9. e4 dxe4 10.
Ndxe4 Nbd7 11. Be3 Nxe4 12. Nxe4 Nf6 13. Nc3 Qc7 14. Qe2 Rad8 15. Rac1 Qa5 16. h3 Rfe8 17. Rfd1 Bb4 18. Bf4 Rd7 19.
g4 Bh7 20. h4 Rde7 21. a3 Bxc3 22. Rxc3 Qd8 23.
g5 hxg5 24. hxg5 Nd7 25. Bd6 Nf8 26. Bxe7 Qxe7 27. Qh5 Bf5 28. Bh3 Bg6 29. Qh4 Nh7 30.
Rg3 Qc7 31. Bg2 Bf5 32. Be4 Bxe4 33. Qxe4 g6 34. Qh4 f6 35. gxf6 Qf7 36. Qh6 1-0

[Event "Top 12 Féminin 2026"]
[Site "Asnières-sur-Seine, France"]
[Date "2026.05.14"]
[Round "2.1"]
[White "Ushenina, Anna"]
[Black "Savina, Anastasia"]
[Result "1/2-1/2"]
[TimeControl "1h30 / 40 moves + 30m + 30sec/move"]
[WhiteTitle "GM"]
[BlackTitle "IM"]
[WhiteFideId "-"]
[BlackFideId "-"]
[WhiteElo "2420"]
[BlackElo "2344"]

1. d4 d5 2. c4 e6 3. Nf3 Nf6 4. cxd5 exd5 5. Qc2 Ne4 6. Nc3 Bf5 7. Qb3 Nc6 8. a3 Nxc3 9. Qxc3 a5 10.
Bf4 Bd6 11. Bxd6 Qxd6 12. e3 O-O 13. Be2 Nb8 14. O-O Nd7 15. Rfc1 c6 16. Nd2 a4 17. Qb4 Qxb4 18. axb4 Rfc8 19.
Ra3 Kf8 20. Rac3 Ke7 21. f3 Nf6 22. Kf2 Bd7 23. Ra1 b5 24. Rca3 Rab8 25. b3 Ne8 26. bxa4 bxa4 27. Bd1 Rxb4 28.
Bxa4 Rb2 29. Ke2 Nd6 30. Rb3 Rxb3 31. Bxb3 Rb8 32. Rc1 Ra8 33. Bc2 Ra3 34. Bb3 Nb5 35. g4 Kd6 36. h3 Bc8 37.
Kf2 Ba6 38. Rc2 Ra1 39. Ra2 Rxa2 40. Bxa2 Nc3 41. Bb3 Bd3 42. Ke1 Nb1 43. Nxb1 Bxb1 44. h4 h6 45. Kd2 c5 46. dxc5+ Kxc5 47.
Kc3 g5 48. hxg5 hxg5 49. Ba4 1/2-1/2

[Event "Top 12 Féminin 2026"]
[Site "Asnières-sur-Seine, France"]
[Date "2026.05.14"]
[Round "2.2"]
[White "Zatonskih, Anna"]
[Black "Aflalo, Sophie"]
[Result "1-0"]
[TimeControl "1h30 / 40 moves + 30m + 30sec/move"]
[WhiteTitle "IM"]
[BlackTitle "-"]
[WhiteFideId "-"]
[BlackFideId "-"]
[WhiteElo "2317"]
[BlackElo "2155"]

1. d4 Nf6 2. c4 e5 3. dxe5 Ng4 4. Bf4 g5 5. Bd2 Nc6 6. h4 gxh4 7. Nf3 Bc5 8. e3 d6 9. exd6 Be6 10.
Nc3 Rg8 11. Ne4 cxd6 12. Bc3 Qe7 13. Nxc5 dxc5 14. Rxh4 Nd4 15. Bxd4 O-O-O 16. Be2 Kb8 17. Rxg4 Bxg4 18. Be5+ Ka8 19.
Qb3 Rg6 20. Bf4 Rb6 21. Qc3 Bf5 22. Rd1 Be4 23. Qe5 Re6 24. Rxd8+ Qxd8 25. Qxc5 Ra6 26. a3 Qg8 27. Qd4 f5 28. Bc7 Rg6 1-0

[Event "Top 12 Féminin 2026"]
[Site "Asnières-sur-Seine, France"]
[Date "2026.05.14"]
[Round "2.3"]
[White "Maisuradze, Nino"]
[Black "Thomas, Anysia"]
[Result "1-0"]
[TimeControl "1h30 / 40 moves + 30m + 30sec/move"]
[WhiteTitle "WGM"]
[BlackTitle "WFM"]
[WhiteFideId "-"]
[BlackFideId "-"]
[WhiteElo "2198"]
[BlackElo "2120"]

1. d4 Nf6 2. Nf3 g6 3. Nc3 d5 4. Bf4 Bg7 5. Qd2 Ne4 6. Qe3 c5 7. Be5 Nf6 8. Qd2 Nc6 9. e3 O-O 10.
Be2 Ne4 11. Nxe4 dxe4 12. Bxg7 exf3 13. Bxf8 fxe2 14. Bh6 Qd5 15. f3 Qh5 16. Bf4 cxd4 17. Qxe2 Qa5+ 18. Qd2 Qb5 19. exd4 Bf5 20. c3 e5 21. Be3 exd4 22. Bxd4 Rc8 23.
Rc1 Qd5 24. O-O Qxa2 25. Ra1 Qd5 26. Be3 Qc4 27. Bxa7 Rd8 28. Qf2 Re8 29. Rfe1 Be6 30. Bd4 Nxd4 31. Qxd4 Qb5 32. c4 Qb4 33.
Qd3 Qxb2 34. Rab1 Qa2 35. Rxb7 Qa5 36. Rbb1 Rc8 37. Ra1 Qc5+ 38. Kh1 Bxc4 39. Qe4 Bd5 40. Qe5 Be6 41. Qf6 Qc3 42.
Qf4 Rd8 43. Rac1 Qd2 44. Qf6 h6 45. Ra1 Rc8 46. h4 Qd5 47. Re5 Qc4 48. Rae1 Rc6 49. h5 g5 50. R5e4 Qc3 51. Qxh6 Qg7 52.
Qxg7+ Kxg7 53. Re5 Kf6 54. Kh2 Rc4 55. R5e4 Rc2 56. Kg3 Rb2 57. Rh1 Kg7 58. h6+ Kh7 59. Re5 g4 60. fxg4 Rb3+ 61.
Kf4 Rb4+ 62. Re4 Rb2 63. Rxe6 fxe6 64. Kg5 Rb4 65. Kh5 1-0

[Event "Top 12 Féminin 2026"]
[Site "Asnières-sur-Seine, France"]
[Date "2026.05.14"]
[Round "2.4"]
[White "Stoll, Lucia"]
[Black "Alexieva, Silvia"]
[Result "1/2-1/2"]
[TimeControl "1h30 / 40 moves + 30m + 30sec/move"]
[WhiteTitle "-"]
[BlackTitle "IM"]
[WhiteFideId "-"]
[BlackFideId "-"]
[WhiteElo "2103"]
[BlackElo "2197"]

1. e4 e5 2. Nf3 Nc6 3. Bc4 Nf6 4.
d3 Bc5 5. c3 d6 6. b4 Bb6 7. a4 a5 8. b5 Nb8 9. Be3 Bxe3 10. fxe3 O-O 11. O-O c6 12. Nbd2 d5 13. exd5 cxd5 14.
Ba2 Nbd7 15. d4 e4 16. Ne1 Nb6 17. h3 Be6 18. Rc1 Rc8 19. Rf2 Rc7 20. g4 Qc8 21. c4 dxc4 22. Rxf6 gxf6 23.
Nxe4 f5 24. Nf6+ Kg7 25. g5 Nd5 26. Qh5 Nxf6 27. gxf6+ Kxf6 28. Qh4+ Kg6 29. Qg3+ Kh6 30. Qh4+ Kg6 31. Qg3+ Kh6 32.
Qh4+ Kg6 1/2-1/2

[Event "Top 12 Féminin 2026"]
[Site "Asnières-sur-Seine, France"]
[Date "2026.05.14"]
[Round "2.5"]
[White "Bulmaga, Irina"]
[Black "Batsiashvili, Nino"]
[Result "1/2-1/2"]
[TimeControl "1h30 / 40 moves + 30m + 30sec/move"]
[WhiteTitle "IM"]
[BlackTitle "GM"]
[WhiteFideId "-"]
[BlackFideId "-"]
[WhiteElo "2361"]
[BlackElo "2475"]

1. e4 e5 2. Nf3 Nc6 3. Nc3 Nf6 4. h3 d5 5. exd5 Nxd5 6. Bb5 Nxc3 7. bxc3 Bd6 8. O-O O-O 9. d4 exd4 10.
cxd4 h6 11. c4 Qf6 12. Bb2 Bf5 13. Qd2 Be4 14. d5 Qg6 15. Nh4 Qg5 16. Qxg5 hxg5 17. dxc6 gxh4 18. cxb7 Bxb7 19. Rfe1 1/2-1/2

[Event "Top 12 Féminin 2026"]
[Site "Asnières-sur-Seine, France"]
[Date "2026.05.14"]
[Round "2.6"]
[White "Guichard, Pauline"]
[Black "Negre, Emilie"]
[Result "1-0"]
[TimeControl "1h30 / 40 moves + 30m + 30sec/move"]
[WhiteTitle "IM"]
[BlackTitle "WFM"]
[WhiteFideId "-"]
[BlackFideId "-"]
[WhiteElo "2333"]
[BlackElo "2101"]

1. d4 d5 2. c4 e6 3. Nf3 c6 4. e3 f5 5. Bd3 Nf6 6. O-O Bd6 7. b3 Qe7 8. Bb2 O-O 9. Qc2 Nbd7 10.
Nc3 Ne4 11. Ne2 g5 12. Rac1 Qf6 13. g3 Qh6 14. Ne5 Ndf6 15. f3 g4 16. f4 Qg7 17. Nc3 Bd7 18. Nxe4 Nxe4 19. Bxe4 fxe4 20.
b4 Bxb4 21. Qb3 Bd6 22. Ba3 Qe7 23. Bxd6 Qxd6 24. Qxb7 Rfd8 25. c5 Qb8 26. Rb1 Be8 27. Qe7 Qc8 28. Rb7 1-0

[Event "Top 12 Féminin 2026"]
[Site "Asnières-sur-Seine, France"]
[Date "2026.05.14"]
[Round "2.7"]
[White "Bensdorp-De Labaca, Marlies"]
[Black "Iglesias, Yosha"]
[Result "0-1"]
[TimeControl "1h30 / 40 moves + 30m + 30sec/move"]
[WhiteTitle "WIM"]
[BlackTitle "FM"]
[WhiteFideId "-"]
[BlackFideId "-"]
[WhiteElo "2175"]
[BlackElo "2325"]

1. d4 d5 2. c4 c6 3. Nc3 Nf6 4. e3 Bf5 5. cxd5 cxd5 6. Qb3 Nc6 7. Qxb7 Bd7 8. Qb3 Rb8 9. Qd1 e5 10.
dxe5 Nxe5 11. Nge2 Bc5 12. Nf4 O-O 13. Be2 Ng6 14. Nxg6 hxg6 15. O-O Qc7 16. Bf3 Rfd8 17. Re1 Be6 18.
Ne2 Bb4 19. Rf1 Bd6 20. g3 Bh3 21. Bg2 Bxg2 22. Kxg2 Be5 23. Nd4 Ne4 24. Rb1 Nc3 25. bxc3 Rxb1 26. Qc2 Rb7 27. Rd1 Rc8 28. Rd3 Bxd4 29. exd4 Re8 30. Bf4 Qc4 31. Be3 Reb8 32. Bc1 Rb1 33.
Re3 Ra1 34. a3 Ra2 35. Qd1 Qc8 36. Qa4 Qf5 37. Rf3 Qe6 38. Qxa7 Rb1 39. Re3 Qf5 40. Rf3 Qe6 41. Re3 Rxf2+ 42. Kxf2 Qf5+ 43. Kg2 Qc2+ 44. Kh3 Qxc1 45. Qe7 Qf1+ 46. Kh4 Rb2 47. h3 Rh2 48. Qd7 Rxh3+ 49. Kg4 Rh5 50. Qe8+ Kh7 51.
Rf3 Qh3+ 52. Kf4 Rf5+ 53. Ke3 Rxf3+ 54. Kxf3 Qf1+ 55. Kg4 Qf5+ 56. Kh4 Qh5# 0-1